 Dungeon Crawl Stone Soup version 0.30-a0-165-g1891117ce2 (webtiles) character file.

Game seed: 17063426392483736305

2076 billz999 the Ogre Mage (level 9, -1/111 HPs)
             Began as an Ogre Air Elementalist on Sept 23, 2022.
             Was an Initiate of Gozag.
             Slain by a black bear (2 damage)
             ... on level 4 of the Dungeon on Sept 29, 2022.
             The game lasted 00:20:44 (8573 turns).

billz999 the Ogre Mage (Ogre Air Elementalist)      Turns: 8573, Time: 00:20:46

Health: -1/111     AC:  3    Str: 14    XL:     9   Next: 26%
Magic:  20/20      EV: 10    Int: 20    God:    Gozag
Gold:   509        SH:  0    Dex:  9    Spells: 15/23 levels left

rFire   . . .      SeeInvis .    s - +2 whip (flame)
rCold   . . .      Faith    .    (no shield)
rNeg    . . .      Spirit   .    a - +0 robe
rPois   .          Reflect  .    (helmet restricted)
rElec   .          Harm     .    (no cloak)
rCorr   .          Rampage  .    (gloves unavailable)
Will    .....                    (boots unavailable)
Stlth   ..........               (no amulet)
HPRegen 0.28/turn                (no ring)
MPRegen 0.17/turn                (no ring)

@: mighty, berserking, very quick
A: large, unfitting armour, tough skin 1
a: Renounce Religion, Potion Petition, Call Merchant, Bribe Branch


You were on level 4 of the Dungeon.
You worshipped Gozag.
Gozag was pleased with you.
You visited 2 branches of the dungeon, and saw 7 of its levels.

You collected 594 gold pieces.
You paid 85 gold pieces to Gozag.

Inventory:

Hand Weapons
 h - a +0 club
 s - a +2 whip of flaming (weapon)
Missiles
 l - 11 curare-tipped darts
Armour
 a - a +0 robe (worn)
 A - a +0 cloak
Magical Staves
 x - a staff of cold
Jewellery
 y - an amulet of magic regeneration
Wands
 q - a wand of polymorph (13)
Scrolls
 d - a scroll of brand weapon
 e - a scroll of summoning
 f - a scroll of immolation {unknown}
 i - 2 scrolls of fear {unknown}
 j - a scroll of vulnerability {unknown}
 m - a scroll of torment {unknown}
 n - a scroll of blinking
 p - 2 scrolls of amnesia
 r - a scroll of fog {unknown}
 u - a scroll of teleportation {unknown}
 w - a scroll of noise {unknown}
Potions
 b - a potion of magic
 c - 2 potions of lignification
 g - 2 potions of flight
 k - 2 potions of ambrosia
 o - a potion of heal wounds
 t - 2 potions of haste


   Skills:
 - Level 2.0 Dodging
 - Level 1.5 Stealth
 + Level 7.9 Spellcasting
 + Level 6.2 Conjurations
 + Level 6.8 Air Magic


You had 15 spell levels left.
You knew the following spells:

 Your Spells              Type           Power      Damage    Failure   Level
a - Shock                 Conj/Air       100%       1d9       1%          1
b - Swiftness             Air            35%        N/A       1%          3
c - Airstrike             Air            17%        2d(3-19)  5%          4

Your spell library contained the following spells:

 Spells                   Type           Power      Damage    Failure   Level
 Static Discharge         Conj/Air       68%        2-5/arc   1%          2
 Sublimation of Blood     Necr           7%         N/A       13%         2
 Wereblood                Tmut           7%         N/A       13%         2
 Summon Hydra             Summ           3%         N/A       100%        7


Dungeon Overview and Level Annotations

Branches:
Dungeon (6/15)             Temple (1/1) D:4

Altars:
Dithmenos
Elyvilon
Fedhas
Gozag
Hepliaklqana
Kikubaaqudgha
Makhleb
Okawaru
Ru
Sif Muna
Trog
Wu Jian
Xom
Zin
The Shining One

Shops:
D:3 *   D:4 :


Innate Abilities, Weirdness & Mutations

You are too large for most types of armour.
You have tough skin. (AC +1)


Message History

The kobold hits you with a +0 club.
You feel very sick.
You feel sick.
You feel sick.
The black bear attacks as you move away!
The black bear bites you but does no damage.
The black bear barely misses you. The black bear closely misses you.
You feel sick.
There is a stone staircase leading up here.
You feel sick. The black bear bites you.
* * * LOW HITPOINT WARNING * * *
The black bear claws you but does no damage.
The black bear closely misses you.
You climb upwards.
You feel sick.
There is a stone staircase leading down here.
It was a potion of might.
You feel very mighty all of a sudden.
You feel sick. The black bear bites you.
* * * LOW HITPOINT WARNING * * *
The black bear barely misses you.
The black bear claws you but does no damage.
It was a potion of berserk rage.
A red film seems to cover your vision as you go berserk!
You feel yourself moving faster!
You feel mighty!
You feel sick. The black bear bites you.
* * * LOW HITPOINT WARNING * * *
The black bear claws you.
* * * LOW HITPOINT WARNING * * *
The black bear claws you.
* * * LOW HITPOINT WARNING * * *
You are too berserk!
You whack the black bear! You burn the black bear.
The black bear is moderately wounded.
You feel sick.
You are no longer poisoned.
The black bear bites you.
* * * LOW HITPOINT WARNING * * *
The black bear claws you.
You die...
Your body crumbles into a pile of gold.

#########≈≈≈# #.# ......##§§§##
#.# .....##≈§≈## #.#
....##§§≈###########.############
...##§§§###........#............#
..##§§§##.#........#########.####
.##≈§§##..#........'.......#.#
##§≈≈##...#......h.#######.#.#
#≈§≈##....#.....@..# #.#.#
§§§##.....#........# #.#.#
≈§##..[...######'#.#######.#.#
≈##.......#))......#.......#.#
##........'..###.#.....#####.#
#.........'..# #.#.###.# #.#
############.# #.#...#.# #.#
....# #.# #.#.#.#.# #.# ....#
#.###.#.#.#.# #.#


You could see a black bear.

Vanquished Creatures
  Pikel (D:4)
  Grinder (D:4)
  Sigmund (D:2)
  Edmund (D:5)
  A centaur (D:5)
  3 lemures (D:4)
  An ogre (D:4)
  A phantom (D:4)
  2 kobold brigands
  2 necrophages
  4 scorpions
  An orc priest (D:6)
  A jelly (D:5)
  2 hounds
  An iron imp (D:5)
  5 iguanas
  An orc wizard (D:3)
  6 gnolls
  4 adders
  2 white imps (D:6)
  An ufetubus (D:5)
  2 worms
  3 dart slugs
  12 orcs
  3 bats (D:1)
  9 endoplasms
  3 giant cockroaches
  3 goblins
  4 hobgoblins
  5 quokkas
  4 ball pythons
  6 frilled lizards
  10 kobolds
  2 rats
108 creatures vanquished.

Notes
Turn   | Place    | Note
-------+----------+-------------------------------------------
     0 | D:1      | billz999 the Ogre Air Elementalist began the quest for the
                  | Orb.
     0 | D:1      | Reached XP level 1. HP: 16/16 MP: 3/3
    75 | D:1      | Reached skill level 1 in Conjurations
   405 | D:1      | Reached XP level 2. HP: 24/24 MP: 3/5
  1072 | D:2      | Found a faded altar of an unknown god.
  1316 | D:2      | Identified the +2 leather armour of Supple Strength {-Cast
                  | +Inv rElec rC+++}
  1358 | D:2      | Reached XP level 3. HP: 27/31 MP: 1/7
  1454 | D:2      | Learned a level 3 spell: Swiftness
  1483 | D:2      | Reached skill level 3 in Spellcasting
  1710 | D:2      | Upgraded the game from 0.30-a0-137-gd8773701ce to
                  | 0.30-a0-165-g1891117ce2
  1959 | D:2      | Noticed Sigmund
  2018 | D:2      | Killed Sigmund
  2019 | D:2      | Reached skill level 4 in Spellcasting
  2019 | D:2      | Reached XP level 4. HP: 19/39 MP: 0/10
  2019 | D:2      | Reached XP level 5. HP: 22/45 MP: 0/11
  2422 | D:3      | Found Qiekh's Assorted Antiques.
  2443 | D:3      | Reached XP level 6. HP: 53/53 MP: 3/12
  2531 | D:3      | Learned a level 4 spell: Airstrike
  3848 | D:4      | Found Woyteb's Book Shop.
  3859 | D:4      | Reached XP level 7. HP: 59/59 MP: 8/14
  4043 | D:4      | Reached skill level 5 in Spellcasting
  4202 | D:4      | Noticed Pikel
  4224 | D:4      | Killed Pikel
  4225 | D:4      | Reached skill level 5 in Air Magic
  4225 | D:4      | Reached XP level 8. HP: 23/67 MP: 2/16
  4463 | D:4      | Found a staircase to the Ecumenical Temple.
  4512 | Temple   | Entered the Ecumenical Temple
  4680 | Temple   | Became a worshipper of Gozag Ym Sagoz the Greedy
  4929 | D:4      | Reached skill level 6 in Spellcasting
  5075 | D:4      | Found a shimmering blue altar of Sif Muna.
  5217 | D:4      | Noticed Grinder
  5221 | D:4      | Paralysed by Grinder for 2 turns
  5229 | D:4      | Killed Grinder
  5230 | D:4      | Reached skill level 5 in Conjurations
  5743 | D:5      | Entered Level 5 of the Dungeon
  6005 | D:5      | Identified the -2 pair of boots of Satisfaction {rElec rN++
                  | rCorr Str-2}
  6301 | D:5      | Noticed Edmund
  6307 | D:5      | Killed Edmund
  6308 | D:5      | Reached skill level 7 in Spellcasting
  7120 | D:5      | Reached XP level 9. HP: 72/74 MP: 3/20
  7536 | D:5      | Found a burning altar of Makhleb.
  8573 | D:4      | HP: 1/111 [black bear (5)]
  8573 | D:4      | Slain by a black bear

Illustrated notes

Levels and vault maps discovered:
D:1:      psy_arrival_whirlpool, layout_loops_ring
D:2:      layout_basic, chequers_ecumenical_altar_simple_redux, uniq_sigmund
D:3:      layout_basic, serial_shops, shop, serial_park_tiny_pond,
          minmay_misc_feat_nine_boxes, minmay_misc_feat_secret_circle
D:4:      layout_basic, mainiacjoe_overflow_alcove_1,
          minmay_temple_entry_sparse_star, serial_shops,
          nicolae_shop_advertising_works [nicolae_subvault_shop_adworks],
          minmay_misc_feat_pillars, kennysheep_opposing_triangles, uniq_grinder,
          uniq_pikel
D:5:      layout_basic, makhleb_grotto_becter, minmay_stone_trees_small,
          uniq_edmund
D:6:      layout_rooms, cheibriados_altar_1
Temple:   nicolae_temple_bog_church

Skill      XL: |  1  2  3  4  5  6  7  8  9 |
---------------+----------------------------+-----
Conjurations   | 1 2 3 4 5 6 |  6.2
Dodging        | 2 |  2.0
Air Magic      | 3 4 5 6 |  6.8
Spellcasting   | 4 5 7 |  7.9
Stealth        | |  1.5

Action                   |  1- 3 |  4- 6 |  7- 9 || total
-------------------------+-------+-------+-------++-------
Melee: Unarmed           |     5 |       |       ||     5
       Club              |     1 |       |       ||     1
       Whip              |       |       |    13 ||    13
 Cast: Shock             |    76 |    93 |   103 ||   272
       Airstrike         |       |       |    46 ||    46
  Use: Potion            |     4 |       |     3 ||     7
       Scroll            |       |       |     6 ||     6
 Stab: Sleeping          |     1 |       |       ||     1
       Distracted        |       |       |     1 ||     1
Armor: Robe              |     3 |     4 |    12 ||    19
       Skin              |    12 |       |       ||    12
Dodge: Dodged            |    17 |    10 |    44 ||    71

Table legend: (Time is in decaauts)
 A = Elapsed time spent in this place.
 B = Non-inter-level travel time spent in this place.
 C = Inter-level travel time spent in this place.
 D = Time resting spent in this place.
 E = Time spent auto-exploring this place.
 F = Levels seen in this place.
 G = Mean time per level.
                   A        B        C        D        E       F      G
               +--------+--------+--------+--------+--------+-----+--------+
         Total |   8582 |   8241 |    341 |   1044 |   6436 |   7 | 1226.0 |
       Dungeon |   8390 |   8072 |    318 |   1044 |   6278 |   6 | 1398.3 |
        Temple |    191 |    169 |     22 |      0 |    157 |   1 |  191.0 |
               +--------+--------+--------+--------+--------+-----+--------+

Top non-repeatable levels by time:
     D:5: 2597 daAuts
     D:4: 2203 daAuts
     D:2: 1343 daAuts
     D:1: 1074 daAuts
     D:3: 939 daAuts
     D:6: 231 daAuts
  Temple: 191 daAuts
